 Dungeon Crawl Stone Soup version 0.29.0-4-gdea44cf6ec (webtiles) character file.

Game seed: 3817039392113248096

146 qw the Ruffian (level 5, -3/40 HPs)
             Began as a Ghoul Fire Elementalist on Aug 29, 2022.
             Killed by divine providence
             ... invoked by an orc priest
              (13 damage)
             ... on level 3 of the Dungeon.
             The game lasted 00:02:55 (3216 turns).

qw the Ruffian (Ghoul Fire Elementalist)            Turns: 3216, Time: 00:02:56

Health: -3/40      AC: 10    Str: 14    XL:     5   Next: 28%
Magic:  6/6        EV:  6    Int: 10    God:
Gold:   79         SH:  0    Dex:  9    Spells: 6/7 levels left

rFire   . . .      SeeInvis .     - Unarmed
rCold   + . .      Faith    .   (no shield)
rNeg    + + +      Spirit   .   e - +0 chain mail
rPois   inf        Reflect  .   (no helmet)
rElec   .          Harm     .   (no cloak)
rCorr   .          Rampage  .   j - +1 pair of gloves
Will    .....                   (no boots)
Stlth   ..........              (no amulet)
HPRegen 0.00/turn               (no ring)
MPRegen 0.10/turn               (no ring)

@: inhibited regen
A: claws 1, cold resistance 1, negative energy resistance 3, inhibited
regeneration, torment resistance 2, devour on kill
a: no special abilities


You were on level 3 of the Dungeon.
You visited 1 branch of the dungeon, and saw 3 of its levels.

You collected 79 gold pieces.


Innate Abilities, Weirdness & Mutations

You are immune to poison.
You have sharp fingernails.
Your flesh is cold resistant. (rC+)
You are immune to negative energy. (rN+++)
You do not regenerate when monsters are visible.
You are immune to unholy pain and torment.
You thrive by killing the living.


   Skills:
 - Level 1.0 Fighting
 - Level 2.3 Armour
 - Level 1.7 Dodging
 - Level 2.1 Stealth
 + Level 3.9 Unarmed Combat
 - Level 1.7 Spellcasting
 - Level 0.7 Conjurations
 - Level 2.4 Fire Magic


You had 6 spell levels left.
You knew the following spells:

 Your Spells              Type           Power      Damage    Failure   Level
a - Foxfire               Conj/Fire      16%        2x1d4     99%         1

Your spell library contained the following spells:

 Spells                   Type           Power      Damage    Failure   Level
 Scorch                   Fire           10%        2d5       99%         2
 Conjure Flame            Conj/Fire      4%         6-21      100%        3
 Inner Flame              Hex/Fire       3%         N/A       100%        3
 Flame Wave               Conj/Fire      4%         2d5       100%        4

Inventory:

Armour
 e - a +0 chain mail (worn)
 j - a +1 pair of gloves (worn)
Scrolls
 c - a scroll of identify
Potions
 b - a potion of brilliance {unknown}
 d - a potion of lignification {unknown}
 f - a potion of might {unknown}

Dungeon Overview and Level Annotations

Branches:
Dungeon (3/15)

Altars:


Message History

The orc priest hits you but does no damage.
You completely miss the orc priest.
The orc priest is lightly wounded.
The rat bites you but does no damage.
The orc priest hits you but does no damage.
You hit the orc priest but do no damage.
The orc priest is lightly wounded.
You barely miss the orc priest.
The orc priest is lightly wounded.
The orc priest hits you but does no damage.
The rat closely misses you.
You hit the orc priest but do no damage.
The orc priest is lightly wounded.
The orc priest hits you with a +0 dagger.
The rat barely misses you.
You completely miss the orc priest.
The orc priest is lightly wounded.
The orc priest hits you with a +0 dagger.
The rat bites you but does no damage.
You hit the orc priest. Your punch misses the orc priest.
The orc priest is moderately wounded.
The orc priest hits you but does no damage.
The rat completely misses you.
You closely miss the orc priest.
The orc priest is moderately wounded.
The orc priest closely misses you. The rat bites you but does no damage.
You completely miss the orc priest.
The orc priest is moderately wounded.
The orc priest hits you but does no damage.
The rat closely misses you.
You hit the orc priest but do no damage.
The orc priest is moderately wounded.
The orc priest barely misses you.
The rat twitches its whiskers.
The rat bites you but does no damage.
You barely miss the orc priest.
The orc priest is moderately wounded.
The orc priest invokes the aid of Beogh against you.
Beogh smites you!
You die...

#.#.# ....#
#... #o.#
#..#
#..#####
#......#
##.###.##..#
#.o@r.....#
#.###......
#.. ....#
#.# ##.. #.#
# #.. ###
### ##.##
#######


You could see an orc priest and a rat.

Vanquished Creatures
  A scorpion (D:3)
  2 adders (D:2)
  8 orcs (D:3)
  4 ball pythons
  7 bats
  4 endoplasms
  2 giant cockroaches (D:1)
  4 goblins
  6 hobgoblins
  4 kobolds
  2 quokkas
  5 frilled lizards
  4 rats (D:1)
53 creatures vanquished.

Notes
Turn   | Place    | Note
-------+----------+-------------------------------------------
     0 | D:1      | qw the Ghoul Fire Elementalist began the quest for the Orb.
     0 | D:1      | Reached XP level 1. HP: 14/14 MP: 2/2
     0 | D:1      | 0 ||| qw: Version: 0.1-a-90-g952f4b7
     0 | D:1      | 0 ||| qw: Game counter: 3819
     0 | D:1      | 0 ||| qw: Always use a shield: true
     0 | D:1      | 0 ||| qw: God list: Okawaru
     0 | D:1      | 0 ||| qw: Allow faded altars: false
     0 | D:1      | 0 ||| qw: Do Orc after D:15 true
     0 | D:1      | 0 ||| qw: Do second Lair branch before Depths: true
     0 | D:1      | 0 ||| qw: Lair rune preference: random
     0 | D:1      | 0 ||| qw: Plans: Normal
     0 | D:1      | 0 ||| PLANNING D:1-11
   337 | D:1      | Reached skill level 1 in Unarmed Combat
   506 | D:1      | Reached skill level 1 in Fighting
   506 | D:1      | Reached XP level 2. HP: 15/23 MP: 3/3
   830 | D:1      | Reached skill level 2 in Unarmed Combat
  1208 | D:1      | Found a faded altar of an unknown god.
  1368 | D:1      | Reached XP level 3. HP: 19/28 MP: 4/4
  1884 | D:1      | 1884 ||| UPGRADING to +0 chain mail.
  1894 | D:1      | 1894 ||| DROPPING +0 robe.
  1895 | D:1      | 1895 ||| READING 3 scrolls labelled VAIDYSHRAWIP.
  1896 | D:1      | 1896 ||| READING scroll labelled QIZXOANIFFA.
  1899 | D:1      | 1899 ||| DROPPING potion of magic.
  1900 | D:1      | 1900 ||| DROPPING 2 scrolls of butterflies.
  2042 | D:2      | Reached skill level 3 in Unarmed Combat
  2242 | D:2      | 2242 ||| Stepping ~*~*~tactically~*~*~ (outnumbered).
  2375 | D:2      | Reached XP level 4. HP: 28/35 MP: 5/5
  2590 | D:2      | 2590 ||| UPGRADING to +1 pair of gloves.
  2595 | D:2      | 2595 ||| READING 2 scrolls labelled GIFO BEIGHONAQ.
  2596 | D:2      | 2596 ||| READING scroll labelled VADUFU CANWOEPH.
  2597 | D:2      | 2597 ||| DRINKING 2 glowing blue potions.
  2598 | D:2      | 2598 ||| DRINKING 2 lumpy emerald potions.
  2599 | D:2      | 2599 ||| DRINKING 2 sedimented red potions.
  2600 | D:2      | 2600 ||| DROPPING potion of invisibility.
  2635 | D:3      | 2635 ||| Stepping ~*~*~tactically~*~*~ (stealth).
  2931 | D:3      | Noticed a scorpion
  2932 | D:3      | 2932 ||| Stepping ~*~*~tactically~*~*~ (stealth).
  2933 | D:3      | 2933 ||| Stepping ~*~*~tactically~*~*~ (stealth).
  2936 | D:3      | 2936 ||| Stepping ~*~*~tactically~*~*~ (stealth).
  2938 | D:3      | 2938 ||| Stepping ~*~*~tactically~*~*~ (stealth).
  2961 | D:3      | Killed a scorpion
  2962 | D:3      | Reached XP level 5. HP: 31/40 MP: 6/6
  3075 | D:3      | 3075 ||| Stepping ~*~*~tactically~*~*~ (stealth).
  3082 | D:3      | 3082 ||| DRINKING potion of curing.
  3082 | D:3      | 3082 ||| (to cure confusion)
  3084 | D:3      | 3084 ||| Stepping ~*~*~tactically~*~*~ (outnumbered).
  3100 | D:3      | 3100 ||| FLEEEEING.
  3101 | D:3      | 3101 ||| FLEEEEING.
  3102 | D:3      | 3102 ||| FLEEEEING.
  3103 | D:3      | 3103 ||| FLEEEEING.
  3104 | D:3      | 3104 ||| FLEEEEING.
  3107 | D:3      | 3107 ||| FLEEEEING.
  3108 | D:3      | 3108 ||| FLEEEEING.
  3109 | D:3      | 3109 ||| FLEEEEING.
  3110 | D:3      | 3110 ||| FLEEEEING.
  3111 | D:3      | 3111 ||| FLEEEEING.
  3112 | D:3      | 3112 ||| FLEEEEING.
  3113 | D:3      | 3113 ||| FLEEEEING.
  3115 | D:3      | 3115 ||| FLEEEEING.
  3116 | D:3      | 3116 ||| FLEEEEING.
  3117 | D:3      | 3117 ||| FLEEEEING.
  3132 | D:3      | 3132 ||| FLEEEEING.
  3133 | D:3      | 3133 ||| FLEEEEING.
  3134 | D:3      | 3134 ||| FLEEEEING.
  3135 | D:3      | 3135 ||| FLEEEEING.
  3136 | D:3      | 3136 ||| FLEEEEING.
  3137 | D:3      | 3137 ||| FLEEEEING.
  3138 | D:3      | 3138 ||| FLEEEEING.
  3139 | D:3      | 3139 ||| FLEEEEING.
  3140 | D:3      | 3140 ||| FLEEEEING.
  3141 | D:3      | 3141 ||| FLEEEEING.
  3143 | D:3      | 3143 ||| FLEEEEING.
  3144 | D:3      | 3144 ||| FLEEEEING.
  3145 | D:3      | 3145 ||| FLEEEEING.
  3146 | D:3      | 3146 ||| FLEEEEING.
  3147 | D:3      | 3147 ||| FLEEEEING.
  3148 | D:3      | 3148 ||| FLEEEEING.
  3149 | D:3      | 3149 ||| FLEEEEING.
  3154 | D:3      | 3154 ||| FLEEEEING.
  3180 | D:3      | HP: 10/40 [orc/+0 dagger (2)]
  3181 | D:3      | 3181 ||| READING scroll of teleportation.
  3182 | D:3      | 3182 ||| DRINKING potion of heal wounds.
  3187 | D:3      | 3187 ||| Stepping ~*~*~tactically~*~*~ (outnumbered).
  3188 | D:3      | 3188 ||| Stepping ~*~*~tactically~*~*~ (outnumbered).
  3189 | D:3      | 3189 ||| Stepping ~*~*~tactically~*~*~ (outnumbered).
  3190 | D:3      | 3190 ||| Stepping ~*~*~tactically~*~*~ (hiding).
  3211 | D:3      | HP: 10/40 [orc priest/+0 dagger (3)]
  3216 | D:3      | Killed from afar by an orc priest

Levels and vault maps discovered:
D:1:      dpeg_arrival_water_temple_mockup, layout_loops_corners,
          ebering_ecumenical_altar_ruins
D:2:      layout_rooms, grunt_decor_mini_mirrors
D:3:      layout_loops_corners, grunt_temple_overflow_opulence

Skill      XL: |  1  2  3  4 |
---------------+-------------+-----
Unarmed Combat | 1 2 3 |  3.9
Fighting       | 1 |  1.0
Armour         | 2 |  2.3
Dodging        | |  1.7
Stealth        | |  2.1
Spellcasting   | |  1.7
Conjurations   | |  0.7
Fire Magic     | |  2.4

Action                   |  1- 3 |  4- 6 || total
-------------------------+-------+-------++-------
Melee: Unarmed           |   207 |   101 ||   308
       Punch             |     1 |     3 ||     4
  Use: Scroll            |     2 |     3 ||     5
       Potion            |       |     5 ||     5
 Stab: Invisible         |       |     2 ||     2
Armor: Robe              |    31 |       ||    31
       Chain mail        |    42 |    90 ||   132
Dodge: Dodged            |   105 |    35 ||   140

Table legend:
 A = Non-vault XP
 B = Vault XP
 C = Vault XP percentage of total XP
 D = Non-vault monster count
 E = Vault monster count
 F = Vault count percentage of total count
                 A         B        C        D         E       F
            +---------+---------+-------+---------+---------+-------
      Total |     209 |       0 |   0.0 |      53 |       0 |   0.0
            +---------+---------+-------+---------+---------+-------
        D:1 |      44 |       0 |   0.0 |      26 |       0 |   0.0
        D:2 |      45 |       0 |   0.0 |      12 |       0 |   0.0
        D:3 |     120 |       0 |   0.0 |      15 |       0 |   0.0
            +---------+---------+-------+---------+---------+-------
